 Dungeon Crawl Stone Soup version 0.24.0-37-gcf1ca852f1 (webtiles) character file.

Game seed: 3493010750219837015, levelgen mode: deterministic

117 DildoBatman the Conjurer (level 5, 0/52 HPs)
             Began as a Formicid Wizard on Dec 6, 2019.
             Succumbed to Ijyb's poison
             ... on level 2 of the Dungeon.
             The game lasted 00:06:31 (1992 turns).

DildoBatman the Conjurer (Formicid Wizard)          Turns: 1992, Time: 00:06:32

Health: 0/52       AC: 22    Str: 12    XL:     5   Next: 22%
Magic:  2/9        EV:  2    Int: 18    God:
Gold:   134        SH:  0    Dex:  9    Spells: 3/10 levels left

rFire    + . .     SeeInvis .   a - +2 spear (venom)
rCold    x . .     Gourm    .   (no shield)
rNeg     + + +     Faith    .   (armour currently unavailable)
rPois    +         Spirit   .   (helmet unavailable)
rElec    .         Reflect  .   (cloak currently unavailable)
rCorr    .         Harm     .   (gloves currently unavailable)
MR       .....                  (boots currently unavailable)
Stlth    ++........             (no amulet)
HPRegen  0.17/turn              p - ring of poison resistance
MPRegen  0.11/turn              q - ring of fire

@: lethally poisoned (0 -> -9), tree-form, very slightly contaminated
A: permanent stasis, dig shafts and tunnels, four strong arms, mutation
resistance 1
a: no special abilities


You were on level 2 of the Dungeon.
You were very hungry.
You were a tree.
You visited 1 branch of the dungeon, and saw 3 of its levels.

You collected 134 gold pieces.

Inventory:

Hand Weapons
 a - a +2 spear of venom (weapon)
 b - a +4 dagger
Missiles
 e - 264 stones (quivered)
 g - 14 sling bullets
 r - 5 boomerangs
 u - 27 bolts
Armour
 h - a +0 robe (melded)
 i - a +0 pair of gloves (melded)
Jewellery
 p - a ring of poison resistance (left branch)
 q - a ring of fire (right branch)
Scrolls
 f - a scroll of enchant weapon {unknown}
 j - 2 scrolls of magic mapping {unknown}
 k - 3 scrolls of remove curse {unknown}
 m - a scroll of amnesia {unknown}
 o - a scroll of fear {unknown}
 s - a scroll of identify {unknown}
 t - a scroll of random uselessness {unknown}
Potions
 c - a potion of lignification
 n - a potion of haste
Comestibles
 l - 5 chunks of flesh
 v - 9 rations


   Skills:
 - Level 1.7 Dodging
 - Level 2.4 Stealth
 - Level 3.2 Spellcasting
 * Level 4.2 Conjurations
   Level 1.0 Summonings
   Level 0.8 Translocations


You had 3 spell levels left.
You knew the following spells:

 Your Spells              Type           Power        Failure   Level  Hunger
a - Conjure Flame         Conj/Fire      ###.....     21%         3    ###....
c - Magic Dart            Conj           ###.         2%          1    None
e - Mephitic Cloud        Conj/Pois/Air  #.......     26%         3    ###....

Your spell library contained the following spells:

 Spells                   Type           Power        Failure   Level  Hunger
 Call Imp                 Summ           #.......     16%         2    ##.....
 Slow                     Hex            #.......     24%         2    ##.....
 Blink                    Tloc           Unusable     N/A         2    N/A

Dungeon Overview and Level Annotations

Branches:
Dungeon (3/15)

Altars:

Annotations:
D:2 Natasha
D:3 1 exclusion


Innate Abilities, Weirdness & Mutations

You cannot be hasted, slowed, berserked, paralysed or teleported.
You can dig through walls and to a lower floor.
Your four strong arms can wield two-handed weapons with a shield.
((You have a pair of large antennae on your head. (SInv)))
You are somewhat resistant to further mutation.


Message History

You feel sick. Ijyb hits you but does no damage.
You are lethally poisoned!
You hit Ijyb.
Ijyb is heavily wounded.
You feel sick.
You strike the helpless Ijyb from behind!
You hit Ijyb.
Ijyb looks as sick as possible!
Ijyb is almost dead.
You are feeling very hungry.
You feel sick. Ijyb completely misses you.
You puncture Ijyb!
You kill Ijyb!
Your Conjurations skill increases to level 4!
You have reached level 5!
You feel sick.
You feel sick.
You die...

#.##..^####### #..#
.......###...# #..#
.............## #..#
#.###.####....## #..# #.# #.#
##.#..# #..# ..###>## ##.##.##
#..# #.##...###..##..# #..#
### #..........####.####..#
##.##
#..#...####....)♣...#####...##
#..##.## #..##.##..#........#
#..##.# #.#.#.#.#.#.###...##
#..##.#####.##...##.#.# ##.##
#.....................# #.#
......###.#.##...##.#.# #.#
##.##.###.#.#.#.#.#.#.# #.#
#.##...#.#..##.##..#.# #>##
#<####.#.#.........#.# #..#


There were no monsters in sight!

Vanquished Creatures
  Ijyb (D:2)
  3 adders (D:2)
  2 oozes
  A worm (D:3)
  A dart slug (D:1)
  An orc (D:3)
  11 bats
  5 giant cockroaches
  5 goblins
  6 hobgoblins
  3 frilled lizards
  4 kobolds
  9 rats
52 creatures vanquished.

Notes
Turn   | Place    | Note
-------+----------+-------------------------------------------
     0 | D:1      | DildoBatman the Formicid Wizard began the quest for the
                  | Orb.
     0 | D:1      | Reached XP level 1. HP: 13/13 MP: 4/4
    74 | D:1      | Reached skill level 1 in Conjurations
   129 | D:1      | Reached XP level 2. HP: 19/19 MP: 1/6
   196 | D:1      | Reached skill level 2 in Conjurations
   388 | D:1      | Reached XP level 3. HP: 24/24 MP: 7/7
   393 | D:1      | Learned a level 3 spell: Conjure Flame
   397 | D:1      | Learned a level 3 spell: Mephitic Cloud
  1004 | D:2      | Reached skill level 3 in Conjurations
  1113 | D:2      | Reached XP level 4. HP: 30/30 MP: 4/8
  1622 | D:3      | Found a faded altar of an unknown god.
  1802 | D:3      | Noticed Natasha
  1926 | D:3      | Noticed Ijyb
  1984 | D:2      | Gained mutation: You are somewhat resistant to further
                  | mutation. [potion of mutation]
  1989 | D:2      | HP: 2/45 [poisoned by Ijyb]
  1990 | D:2      | Killed Ijyb
  1990 | D:2      | Reached skill level 4 in Conjurations
  1990 | D:2      | Reached XP level 5. HP: 2/35 MP: 1/9
  1992 | D:2      | Succumbed to Ijyb's poison

Levels and vault maps discovered:
D:1:      erik_arrival_triangle_medium, layout_basic
D:2:      layout_loops_ring, roderic_three_in_a_row, minivault_11
D:3:      layout_rooms, chequers_ecumenical_altar_simple, first_ration,
          minmay_misc_feat_ornament, minmay_close_crescents, uniq_natasha,
          uniq_ijyb, uniq_jessica

Skill      XL: |  1  2  3  4 |
---------------+-------------+-----
Conjurations   | 1 2 3 4 |  4.2
Dodging        | |  1.7
Stealth        | |  2.4
Spellcasting   | |  3.2
Summonings     | |  1.0
Translocations | |  0.8

Action                   |  1- 3 |  4- 6 || total
-------------------------+-------+-------++-------
Melee: Spear             |    74 |    19 ||    93
 Cast: Magic Dart        |    10 |    29 ||    39
       Mephitic Cloud    |       |     2 ||     2
 Abil: Dig               |       |     2 ||     2
  Use: Potion            |       |     3 ||     3
 Stab: Sleeping          |     4 |       ||     4
       Confused          |       |     1 ||     1
  Eat: Chunk             |     1 |     2 ||     3
Armor: Robe              |    18 |     7 ||    25
       Skin              |       |     1 ||     1
Dodge: Dodged            |    36 |    15 ||    51
